 Dungeon Crawl Stone Soup version 0.28.0 (webtiles) character file.

Game seed: 422366351083003017

4 AmazingTV the Sneak (level 1, -2/9 HPs)
             Began as a Spriggan Venom Mage on July 5, 2022.
             Frozen to death by an endoplasm (5 damage)
             ... on level 1 of the Dungeon.
             The game lasted 00:02:40 (216 turns).

AmazingTV the Sneak (Spriggan Venom Mage)            Turns: 216, Time: 00:02:40

Health: -2/9       AC:  2    Str:  4    XL:     1   Next: 58%
Magic:  3/5        EV: 17    Int: 16    God:
Gold:   15         SH:  0    Dex: 15    Spells: 4/5 levels left

rFire   . . .      SeeInvis +   a - +0 dagger {short}
rCold   . . .      Faith    .   (no shield)
rNeg    . . .      Spirit   .   b - +0 robe
rPois   .          Reflect  .   (helmet restricted)
rElec   .          Harm     .   (no cloak)
rCorr   .          Rampage  .   (gloves unavailable)
Will    .....                   (boots unavailable)
Stlth   ++........              (no amulet)
HPRegen 0.03/turn               (no ring)
MPRegen 0.09/turn               (no ring)

@: very quick
A: very small, no large weapons, unfitting armour, see invisible, speed 3
a: no special abilities


You were on level 1 of the Dungeon.
You visited 1 branch of the dungeon, and saw 1 of its levels.

You collected 15 gold pieces.


Innate Abilities, Weirdness & Mutations

You are very small and have problems with some larger weapons.
You are too small for most types of armour.
You have supernaturally acute eyesight. (SInv)
You cover ground extremely quickly. (Speed+++)


   Skills:
 + Level 0.2 Short Blades
 + Level 2.8 Dodging
 + Level 3.1 Stealth
 + Level 2.8 Spellcasting
 + Level 1.5 Transmutations
 + Level 3.0 Poison Magic


You had 4 spell levels left.
You knew the following spells:

 Your Spells              Type           Power      Damage    Failure   Level
a - Sting                 Tmut/Pois      36%        1d4       8%          1

Your spell library contained the following spells:

 Spells                   Type           Power      Damage    Failure   Level
 Poisonous Vapours        Pois/Air       14%        N/A       16%         2
 Mephitic Cloud           Conj/Pois/Air  5%         N/A       36%         3
 Olgreb's Toxic Radiance  Pois           12%        N/A       47%         4

Inventory:

Hand Weapons
 a - a +0 dagger (weapon) {short}
   (You took it off a kobold on level 1 of the Dungeon)
Missiles
 c - 5 stones
Armour
 b - a +0 robe (worn)
Scrolls
 d - a scroll of holy word {unknown}

Dungeon Overview and Level Annotations

Branches:
Dungeon (1/15)

Altars:

..#...# ..#
.#...#...#.### .#
..#.?.#.....
..g#...#.!.#.#
.#...#...#$..#
...#...#...#.##
#...#...#....## ##
#..J#...#... ...
#...#.@.#..######.#
...#.!.#............
.#...#.....#.....#
...#.............#
.#....##.........#
###.#..##......#+##
................#
########...........+
#...##...#.........#


You could see an endoplasm.


Message History

Nothing appears to happen. 😎 MP[-1]
You lost 1 mp, and now have 3/5 mp.
The sting hits the goblin.
The goblin is poisoned. 😎 MP[-1]
You lost 1 mp, and now have 2/5 mp.
Really attack while wielding nothing? [Y]es or [N]o only, please.
Really attack while wielding nothing?
Okay, then.
b - a +0 dagger (weapon)
{short} You kill the goblin!
You miscast Sting.
Nothing appears to happen. 😎 MP[-1]
You lost 1 mp, and now have 1/5 mp.
You miscast Sting.
Nothing appears to happen. 😎 MP[-1]
You lost 1 mp, and now have 0/5 mp.
You hit the quokka but do no damage. The quokka closely misses you.
You completely miss the quokka. The quokka barely misses you. x2
You barely miss the quokka. The quokka barely misses you.
You hit the quokka but do no damage. The quokka bites you. 😕 HP[-1] MP[+1]
You take 1 damage, and now have 8/9 hp.
You hit the quokka but do no damage. The quokka barely misses you.
You closely miss the quokka. The quokka misses you.
You closely miss the quokka. The quokka closely misses you. x2
You barely miss the quokka. The quokka misses you.
You barely miss the quokka. The quokka misses you.
You hit the quokka but do no damage.
The quokka bites you but does no damage. 😎 HP[+1]
Your hp is fully restored (9).
You hit the quokka. The quokka misses you.
You hit the quokka.
The quokka bites you but does no damage.
The quokka closely misses you.
You closely miss the quokka. The quokka closely misses you.
You hit the quokka.
You kill the quokka!
You see here a quokka corpse. 😎 MP[+1]
You start resting.
Your magical contamination has completely faded away.
You start resting. 😎 MP[+3]
Your mp is fully restored (5).
c - 5 stones You see here a kobold corpse.
Things that are here:
a +0 club {mace}; a goblin corpse You start waiting.
Done waiting.
Adjust to which letter? (? for menu, Esc to quit)
a - a +0 dagger (weapon)
{short};
b - a +0 robe (worn)
You now have 15 gold pieces (gained 4).
d - a scroll labelled KAOM MUDWYGEG A hobgoblin comes into view.
A hobgoblin is nearby!
An endoplasm comes into view.
The hobgoblin shouts!
You miscast Sting.
You are very lightly contaminated with residual magic.
Nothing appears to happen. 😎 MP[-1]
You lost 1 mp, and now have 4/5 mp.
You barely miss the hobgoblin. The hobgoblin hits you. 😕 HP[-1]
You take 1 damage, and now have 8/9 hp.
You hit the hobgoblin. The hobgoblin closely misses you.
You hit the hobgoblin.
A goblin comes into view. It is wielding a +0 club.
The endoplasm freezes you.
You are frozen.
The hobgoblin completely misses you. 😮 HP[-2]
You take 2 damage, and now have 6/9 hp.
MASSIVE DAMAGE!! (PAUSE)
You barely miss the hobgoblin. The hobgoblin barely misses you.
You closely miss the hobgoblin. The hobgoblin hits you.
* * * LOW HITPOINT WARNING * * *
Your magical contamination has completely faded away. 😨 HP[-3]
You take 3 damage, and now have 3/9 hp.
MASSIVE DAMAGE!! (PAUSE)
You are too injured to fight recklessly!
Aiming: Sting (safe; 8% risk of failure)
Press: ? - help, Q - select action, (/) - cycle Shift-Dir - straight line, f/p - hobgoblin
Aim: a hobgoblin (heavily wounded, 68% to hit)
The sting hits the hobgoblin.
The hobgoblin is poisoned.
You kill the hobgoblin! 😨 MP[-1]
You lost 1 mp, and now have 3/5 mp.
You hit the endoplasm but do no damage. The endoplasm completely misses you.
You hit the endoplasm. The endoplasm freezes you.
You are frozen.
Ouch! That really hurt!
You die...

Action                   || total
-------------------------++-------
Melee: Dagger            ||    21
 Cast: Sting             ||     3
Armor: Robe              ||     2
Dodge: Dodged            ||    17

Levels and vault maps discovered:
D:1:      dpeg_arrival_brainrot, layout_basic, hex_large

Notes
Turn   | Place    | Note
-------+----------+-------------------------------------------
     0 | D:1      | AmazingTV the Spriggan Venom Mage began the quest for the
                  | Orb.
     0 | D:1      | Reached XP level 1. HP: 9/9 MP: 5/5
     0 | D:1      | magus.rc [v1.9.6]
   216 | D:1      | Frozen to death by an endoplasm

Vanquished Creatures
  A goblin (D:1)
  A hobgoblin (D:1)
  A quokka (D:1)
  A kobold (D:1)
4 creatures vanquished.

Table legend:
 A = Non-vault XP
 B = Vault XP
 C = Vault XP percentage of total XP
 D = Non-vault monster count
 E = Vault monster count
 F = Vault count percentage of total count
                 A         B        C        D         E       F
            +---------+---------+-------+---------+---------+-------
      Total |       7 |       0 |   0.0 |       4 |       0 |   0.0
            +---------+---------+-------+---------+---------+-------
        D:1 |       7 |       0 |   0.0 |       4 |       0 |   0.0
            +---------+---------+-------+---------+---------+-------

Illustrated notes

Table legend:
 A = Kills in this place as a percentage of kills in entire the game.
 B = Kills by you in this place as a percentage of kills by you in the entire game.
 C = Kills by friends in this place as a percentage of kills by friends in the entire game.
 D = Other kills in this place as a percentage of other kills in the entire game.
 E = Experience gained in this place as a percentage of experience gained in the entire game.
 F = Experience gained in this place divided by the number of levels of this place that you have seen.
                   A       B       C       D       E      F
               +-------+-------+-------+-------+-------+----------------------
         Total | 100.0 | 100.0 |   N/A |   N/A | 100.0 |   7.0
       Dungeon | 100.0 | 100.0 |   N/A |   N/A | 100.0 |   7.0
               +-------+-------+-------+-------+-------+----------------------

Table legend: (Time is in decaauts)
 A = Elapsed time spent in this place.
 B = Non-inter-level travel time spent in this place.
 C = Inter-level travel time spent in this place.
 D = Time resting spent in this place.
 E = Time spent auto-exploring this place.
 F = Levels seen in this place.
 G = Mean time per level.
                   A        B        C        D        E       F      G
               +--------+--------+--------+--------+--------+-----+--------+
         Total |    195 |    195 |      0 |    134 |     22 |   1 |  195.0 |
       Dungeon |    195 |    195 |      0 |    134 |     22 |   1 |  195.0 |
               +--------+--------+--------+--------+--------+-----+--------+

Top non-repeatable levels by time:
     D:1: 195 daAuts
